 Dungeon Crawl Stone Soup version 0.29.0-4-gdea44cf6ec (webtiles) character file.

Game seed: 8687810060540906498

490 qw the Chopper (level 7, -7/41 HPs)
             Began as a Tengu Warper on Aug 28, 2022.
             Mangled by an orc warrior
             ... wielding a +0 long sword
              (8 damage)
             ... on level 8 of the Dungeon.
             The game lasted 00:00:30 (5841 turns).

qw the Chopper (Tengu Warper)                       Turns: 5841, Time: 00:00:30

Health: -7/41      AC: 10    Str: 13    XL:     7   Next: 14%
Magic:  11/11      EV: 11    Int: 14    God:
Gold:   161        SH:  0    Dex: 13    Spells: 10/10 levels left

rFire   + . .      SeeInvis .   c - +0 hand axe
rCold   . . .      Faith    .   (no shield)
rNeg    + . .      Spirit   .   l - +0 chain mail
rPois   .          Reflect  .   (helmet restricted)
rElec   .          Harm     .   (no cloak)
rCorr   .          Rampage  .   a - +0 pair of gloves
Will    .....                   (boots unavailable)
Stlth   ..........              (no amulet)
HPRegen 0.13/turn               i - ring of No Interval {rN+ EV+4}
MPRegen 0.12/turn               n - ring of protection from fire

@: about to teleport, flying quickly and evasively, quick
A: beak, talons 3, nimble flight
a: no special abilities


You were on level 8 of the Dungeon.
You visited 2 branches of the dungeon, and saw 7 of its levels.
You also visited: Sewer.

You collected 161 gold pieces.


Innate Abilities, Weirdness & Mutations

You have a beak for a mouth.
You have claws for feet.
Your magical nature lets you fly swiftly and evasively.


   Skills:
 - Level 3.0 Fighting
 + Level 7.2 Axes
 - Level 1.0 Throwing
 - Level 3.1 Armour
 - Level 2.1 Dodging
 - Level 2.0 Spellcasting
 - Level 2.4 Translocations


You had 10 spell levels left.
You didn't know any spells.
Your spell library contained the following spells:

 Spells                   Type           Power      Damage    Failure   Level
 Blink                    Tloc           16%        N/A       99%         2
 Gell's Gravitas          Tloc           8%         N/A       100%        3
 Lesser Beckoning         Tloc           8%         N/A       100%        3
 Teleport Other           Tloc           8%         N/A       100%        3
 Manifold Assault         Tloc           8%         N/A       100%        5

Inventory:

Hand Weapons
 c - a +0 hand axe (weapon)
 r - a +0 flail
Armour
 a - a +0 pair of gloves (worn)
 l - a +0 chain mail (worn)
Jewellery
 i - the ring of No Interval (left hand) {rN+ EV+4}
   (You found it on level 5 of the Dungeon)

   [ring of evasion]

   EV:        It affects your evasion (+4).
   rN:        It protects you from negative energy.
 n - a ring of protection from fire (right hand)
 Y - a +6 ring of dexterity
Scrolls
 d - a scroll of acquirement {unknown}
 e - 2 scrolls of teleportation
 g - a scroll of identify
Potions
 b - a potion of cancellation
 f - a potion of resistance {unknown}
 h - 2 potions of curing
 j - a potion of magic {unknown}
 k - a potion of brilliance {unknown}
 o - a potion of haste {unknown}
 p - a potion of might
 q - a potion of mutation {unknown}

Dungeon Overview and Level Annotations

Branches:
Dungeon (5/15)             Temple (1/1) D:5           Sewer (visited)

Altars:
Cheibriados
Elyvilon
Fedhas
Hepliaklqana
Kikubaaqudgha
Makhleb
Nemelex Xobeh
Qazlal
Ru
Sif Muna
Trog
Vehumet
Wu Jian
Xom
Yredelemnul
Zin
The Shining One


Message History

You are sucked into a shaft and drop 3 floors!
The shaft crumbles and collapses.
Found a bronze wand.
Existing waypoints: (1) Temple (2) D:5 Assign waypoint to what number? (0-9, D - delete waypoint) Waypoint 1 re-assigned from Temple to D:8.
Found 2 poisoned darts and 4 stones.
A howler monkey comes into view.
The howler monkey howls!
You hear a shout! x2
The howler monkey hoots and howls with incredible vigour!
A howler monkey comes into view.
You hear a shout! x3; You hear an angry hiss.
5833 ||| Stepping ~*~*~tactically~*~*~ (stealth).
An orc priest comes into view. It is wielding a +0 whip.
An orc warrior comes into view. It is wielding a +0 long sword.
The orc warrior shouts!
An orc warrior, 2 orcs and an orc priest come into view.
The orc shouts!
The orc warrior shouts!
The orc shouts!
The orc priest shouts!
An orc wizard comes into view. It is wielding a +0 dagger.
The howler monkey hoots and howls with incredible vigour!
The orc moves out of view.
You hear a shout!
You hear an angry hiss.
You closely miss the orc warrior.
The orc priest looks encouraged for a moment.
The orc wizard casts a spell.
The orc wizard flickers and vanishes!
Deactivating autopickup; reactivate with Ctrl-A.
The orc priest invokes the aid of Beogh against you.
Beogh smites you!
The orc warrior hits you with a +0 long sword!
You hit the orc warrior. You claw the orc warrior.
The orc warrior is lightly wounded.
The orc priest mumbles some strange prayers to Beogh against you.
Beogh smites you! The orc warrior closely misses you.
5841 ||| READING 3 scrolls of teleportation.
As you read the scroll of teleportation, it crumbles to dust.
You feel strangely unstable.
The orc warrior hits you with a +0 long sword!
You die...

..
....#####
..o.o/oo#
#@### #...#
###h## #..#
##.# #...#
.......
.#........
.......(...


You could see 2 orc warriors, a howler monkey, an orc priest and an orc.

Vanquished Creatures
  A kobold brigand (Sewer)
  A scorpion (D:3)
  A necrophage (D:5)
  An iguana (D:5)
  4 gnolls (D:5)
  8 adders
  3 river rats (D:4)
  An ufetubus (D:4)
  5 worms (D:4)
  4 dart slugs
  2 orcs
  8 endoplasms
  5 giant cockroaches
  9 goblins
  9 hobgoblins
  6 jackals
  4 quokkas
  9 ball pythons
  5 bats
  4 frilled lizards
  18 kobolds
  10 rats
118 creatures vanquished.

Vanquished Creatures (others)
  A plant (Sewer)
1 creature vanquished.

Grand Total: 119 creatures vanquished

Notes
Turn   | Place    | Note
-------+----------+-------------------------------------------
     0 | D:1      | qw the Tengu Warper began the quest for the Orb.
     0 | D:1      | Reached XP level 1. HP: 12/12 MP: 4/4
     0 | D:1      | 0 ||| qw: Version: 0.1-a-89-g26bdef1
     0 | D:1      | 0 ||| qw: Game counter: 349
     0 | D:1      | 0 ||| qw: Always use a shield: true
     0 | D:1      | 0 ||| qw: God list: Okawaru
     0 | D:1      | 0 ||| qw: Allow faded altars: false
     0 | D:1      | 0 ||| qw: Do Orc after D:15 true
     0 | D:1      | 0 ||| qw: Do second Lair branch before Depths: true
     0 | D:1      | 0 ||| qw: Lair rune preference: random
     0 | D:1      | 0 ||| qw: Plans: Normal
     0 | D:1      | 0 ||| PLANNING D:1-11
   161 | D:1      | 161 ||| Stepping ~*~*~tactically~*~*~ (stealth).
   168 | D:1      | Reached XP level 2. HP: 17/17 MP: 6/6
   169 | D:1      | Reached skill level 3 in Axes
   172 | D:1      | 172 ||| Stepping ~*~*~tactically~*~*~ (stealth).
   221 | D:1      | 221 ||| Stepping ~*~*~tactically~*~*~ (stealth).
   259 | D:1      | 259 ||| Stepping ~*~*~tactically~*~*~ (hiding).
   367 | D:1      | 367 ||| Stepping ~*~*~tactically~*~*~ (stealth).
   435 | D:1      | 435 ||| Stepping ~*~*~tactically~*~*~ (hiding).
   645 | D:1      | Reached XP level 3. HP: 21/21 MP: 7/7
   649 | D:1      | 649 ||| DROPPING +0 club.
   711 | D:1      | 711 ||| Stepping ~*~*~tactically~*~*~ (stealth).
   769 | D:1      | Reached skill level 4 in Axes
  1012 | D:1      | 1012 ||| UPGRADING to +0 ring mail.
  1022 | D:1      | 1022 ||| DROPPING +0 leather armour.
  1023 | D:1      | 1023 ||| UPGRADING to +0 chain mail.
  1033 | D:1      | 1033 ||| DROPPING +0 ring mail.
  1034 | D:1      | 1034 ||| READING scroll labelled FIURYRCHUGH.
  1035 | D:1      | 1035 ||| READING scroll labelled KUES FU WOCVOXESCH.
  1038 | D:1      | 1038 ||| READING scroll labelled HOPEVILARA.
  1039 | D:1      | 1039 ||| DRINKING 2 cyan potions.
  1040 | D:1      | 1040 ||| DROPPING scroll of blinking.
  1041 | D:1      | 1041 ||| Stepping randomly (stuck).
  1042 | D:1      | 1042 ||| Stepping ~*~*~tactically~*~*~ (cloud).
  1048 | D:1      | HP: 5/21 [poisoned by you (poison gas)]
  1306 | D:2      | Found a faded altar of an unknown god.
  1469 | D:2      | Found a shimmering blue altar of Sif Muna.
  1511 | D:2      | 1511 ||| FLEEEEING.
  1512 | D:2      | 1512 ||| FLEEEEING.
  1513 | D:2      | 1513 ||| FLEEEEING.
  1514 | D:2      | 1514 ||| FLEEEEING.
  1516 | D:2      | 1516 ||| FLEEEEING.
  1517 | D:2      | 1517 ||| FLEEEEING.
  1518 | D:2      | 1518 ||| FLEEEEING.
  1519 | D:2      | 1519 ||| FLEEEEING.
  1636 | D:2      | 1636 ||| Stepping ~*~*~tactically~*~*~ (hiding).
  1639 | D:2      | 1639 ||| Stepping ~*~*~tactically~*~*~ (hiding).
  1683 | D:2      | Reached XP level 4. HP: 26/26 MP: 8/8
  1905 | D:2      | 1905 ||| UPGRADING to +0 pair of gloves.
  1921 | D:3      | 1921 ||| Stepping ~*~*~tactically~*~*~ (stealth).
  2104 | D:3      | 2104 ||| Stepping ~*~*~tactically~*~*~ (stealth).
  2105 | D:3      | 2105 ||| Stepping ~*~*~tactically~*~*~ (stealth).
  2117 | D:3      | Reached skill level 5 in Axes
  2117 | D:3      | 2117 ||| Stepping ~*~*~tactically~*~*~ (stealth).
  2119 | D:3      | 2119 ||| Stepping ~*~*~tactically~*~*~ (stealth).
  2121 | D:3      | 2121 ||| Stepping ~*~*~tactically~*~*~ (stealth).
  2156 | D:3      | 2156 ||| Stepping ~*~*~tactically~*~*~ (hiding).
  2157 | D:3      | 2157 ||| Stepping ~*~*~tactically~*~*~ (hiding).
  2330 | D:3      | Noticed a scorpion
  2343 | D:3      | HP: 5/26 [scorpion (4)]
  2344 | D:3      | 2344 ||| READING scroll of teleportation.
  2367 | D:3      | 2367 ||| Stepping ~*~*~tactically~*~*~ (stealth).
  2388 | D:3      | 2388 ||| Stepping ~*~*~tactically~*~*~ (stealth).
  2389 | D:3      | 2389 ||| Stepping ~*~*~tactically~*~*~ (stealth).
  2581 | D:3      | Killed a scorpion
  2582 | D:3      | Reached skill level 3 in Armour
  2582 | D:3      | Gained mutation: Your magical nature lets you fly swiftly
                  | and evasively. [Tengu growth]
  2582 | D:3      | Reached XP level 5. HP: 11/30 MP: 9/9
  2791 | D:3      | 2791 ||| Stepping ~*~*~tactically~*~*~ (stealth).
  2792 | D:3      | 2792 ||| Stepping ~*~*~tactically~*~*~ (stealth).
  3074 | D:3      | 3074 ||| UPGRADING to +6 ring of dexterity.
  3075 | D:3      | 3075 ||| READING 2 scrolls labelled ISAUDWAN MIAJ.
  3076 | D:3      | 3076 ||| READING 2 scrolls of identify.
  3076 | D:3      | 3076 ||| IDENTIFYING brown potion
  3077 | D:3      | 3077 ||| DROPPING scroll of fear.
  3109 | D:4      | 3109 ||| PLANNING SEWER
  3144 | D:4      | HP: 2/30 [river rat (7)]
  3572 | D:4      | Found a glowing drain.
  3648 | Sewer    | Entered a sewer
  3741 | Sewer    | Reached XP level 6. HP: 35/35 MP: 10/10
  3760 | Sewer    | Reached skill level 6 in Axes
  4192 | Sewer    | 4192 ||| DRINKING 2 glowing orange potions.
  4193 | Sewer    | 4193 ||| DRINKING 2 purple potions.
  4194 | Sewer    | 4194 ||| DRINKING 2 coppery potions.
  4195 | Sewer    | 4195 ||| DROPPING potion of invisibility.
  4210 | D:4      | 4210 ||| PLANNING D:1-11
  4306 | D:4      | 4306 ||| Stepping ~*~*~tactically~*~*~ (stealth).
  4642 | D:4      | 4642 ||| DROPPING +0 whip.
  5104 | D:4      | 5104 ||| UPGRADING to ring of protection from fire.
  5105 | D:4      | 5105 ||| READING scroll labelled GYPATYTEWA.
  5106 | D:4      | 5106 ||| READING 2 scrolls of identify.
  5106 | D:4      | 5106 ||| IDENTIFYING sapphire potion
  5107 | D:4      | 5107 ||| DROPPING potion of degeneration.
  5144 | D:5      | Entered Level 5 of the Dungeon
  5171 | D:5      | Found a staircase to the Ecumenical Temple.
  5171 | D:5      | Identified the ring of No Interval {rN+ EV+4}
  5173 | D:5      | 5173 ||| PLANNING TEMPLE
  5173 | D:5      | 5173 ||| Stepping ~*~*~tactically~*~*~ (stealth).
  5174 | D:5      | 5174 ||| Stepping ~*~*~tactically~*~*~ (stealth).
  5175 | D:5      | 5175 ||| Stepping ~*~*~tactically~*~*~ (stealth).
  5176 | D:5      | 5176 ||| UPGRADING to ring of No Interval {rN+ EV+4}.
  5190 | D:5      | Reached skill level 7 in Axes
  5296 | Temple   | Entered the Ecumenical Temple
  5300 | Temple   | 5300 ||| PLANNING D:1-11
  5307 | D:5      | 5307 ||| DROPPING +1 whip of draining.
  5437 | D:5      | Reached XP level 7. HP: 40/40 MP: 11/11
  5456 | D:5      | Reached skill level 3 in Fighting
  5456 | D:5      | HP: 6/41 [gnoll/+0 halberd (6)]
  5457 | D:5      | 5457 ||| READING 4 scrolls of teleportation.
  5458 | D:5      | 5458 ||| DRINKING potion of heal wounds.
  5828 | D:5      | You are sucked into a shaft and drop 3 floors!
  5833 | D:8      | 5833 ||| Stepping ~*~*~tactically~*~*~ (stealth).
  5840 | D:8      | HP: 1/41 [orc priest/divine providence (11)]
  5841 | D:8      | 5841 ||| READING 3 scrolls of teleportation.
  5841 | D:8      | Mangled by an orc warrior

Levels and vault maps discovered:
D:1:      tarquinn_simple_flora_water_b, layout_basic,
          nicolae_figureground_sparkle
D:2:      layout_loops_ring, nicolae_ecumenical_pavilion, basic_altar
D:3:      layout_loops_ring
D:4:      layout_loops_ring, lightli_sewer_entry_pipes, hex_medium,
          item_on_display_a
D:5:      layout_loops_corners, marbit_many_paths,
          minmay_temple_entry_mini_moons, serial_shops, shop_statue
D:8:      layout_rooms, nicolae_overflow_two_pavilions, hangedman_decor_push
Temple:   sentei_temple_godly_chess

Skill      XL: |  1  2  3  4  5  6  7 |
---------------+----------------------+-----
Axes           | 3 4 5 7 |  7.2
Armour         | 3 |  3.1
Fighting       | 3 |  3.0
Throwing       | |  1.0
Dodging        | |  2.1
Spellcasting   | |  2.0
Translocations | |  2.4

Action                   |  1- 3 |  4- 6 |  7- 9 || total
-------------------------+-------+-------+-------++-------
Melee: Hand axe          |    58 |   193 |    16 ||   267
       Kick              |    17 |    57 |    10 ||    84
       Peck              |     4 |    33 |     2 ||    39
       Punch             |       |     2 |       ||     2
Throw: Boomerang         |    40 |    62 |       ||   102
  Use: Scroll            |     3 |     5 |     2 ||    10
       Potion            |     1 |     3 |     1 ||     5
 Stab: Distracted        |       |     1 |       ||     1
Armor: Leather armour    |     9 |       |       ||     9
       Chain mail        |     6 |    86 |     5 ||    97
Dodge: Dodged            |    20 |    70 |    19 ||   109

Table legend:
 A = Non-vault XP
 B = Vault XP
 C = Vault XP percentage of total XP
 D = Non-vault monster count
 E = Vault monster count
 F = Vault count percentage of total count
                 A         B        C        D         E       F
            +---------+---------+-------+---------+---------+-------
      Total |     469 |     231 |  33.0 |      85 |      33 |  28.0
            +---------+---------+-------+---------+---------+-------
        D:1 |      54 |       0 |   0.0 |      29 |       0 |   0.0
        D:2 |      35 |       0 |   0.0 |      14 |       0 |   0.0
        D:3 |     127 |       0 |   0.0 |      15 |       0 |   0.0
        D:4 |      74 |      84 |  53.2 |      20 |      11 |  35.5
        D:5 |     179 |       0 |   0.0 |       7 |       0 |   0.0
      Sewer |       0 |     147 | 100.0 |       0 |      22 | 100.0
            +---------+---------+-------+---------+---------+-------
